 Dungeon Crawl Stone Soup version 0.14.0-12-g87ee3b7 (webtiles) character file.

648 HungrySpirit the Slasher (level 7, -6/54 HPs)
             Began as a Formicid Fighter on Apr 16, 2014.
             Mangled by Ragg's ghost (7 damage)
             ... on Level 4 of the Dungeon.
             The game lasted 00:07:07 (3881 turns).

HungrySpirit the Slasher (Formicid Fighter)         Turns: 3881, Time: 00:07:07

HP  -6/54        AC  8     Str 23      XL: 7   Next: 45%
MP   9/9         EV  7     Int 12      God:
Gold 129         SH 19     Dex 10      Spells:  0 memorised,  6 levels left

rFire  . . .     SeeInvis +     a - +0 long sword
rCold  . . .     Clarity  .     b - +0 scale mail
rNeg   . . .     Conserve .     c - +0 shield
rPois  +         rCorr    .     (helmet unavailable)
rElec  .         rRot     .     (no cloak)
SustAb . .       Spirit   .     q - +0 pair of gloves
rMut   .         Warding  .     (no boots)
Saprov . . .     Stasis   +     (no amulet)
MR     .....                    v - ring of wizardry
                                u - ring of poison resistance

@: brilliant, very slightly contaminated, not resistant to hostile enchantments,
extremely unstealthy
A: permanent stasis, dig shafts and tunnels, four strong arms, antennae 3
a: Dig, Shaft Self


You were on level 4 of the Dungeon.
You were hungry.

You visited 1 branch of the dungeon, and saw 4 of its levels.

You collected 129 gold pieces.

Inventory:

Hand weapons
 a - a +0,+0 long sword (weapon)
Armour
 b - a +0 scale mail (worn)
 c - a +0 shield (worn)
 q - a +0 pair of gloves (worn)
Comestibles
 d - 3 bread rations
 l - a honeycomb
 s - an apple
 z - a choko
Scrolls
 e - a scroll of fear {unknown}
 g - 3 scrolls of remove curse {unknown}
 j - 3 scrolls of teleportation {unknown}
 k - a scroll of blinking {unknown}
 o - 2 scrolls of amnesia {unknown}
 p - a scroll of immolation {unknown}
 r - a scroll of fog {unknown}
 y - a scroll of magic mapping {unknown}
Jewellery
 u - a ring of poison resistance (left hand)
 v - a ring of wizardry (right hand)
Potions
 i - 3 potions of curing
 w - a potion of magic {unknown}


   Skills:
 + Level 4.2 Fighting
 * Level 7.2 Long Blades
 - Level 3.2 Armour
 - Level 3.6 Shields


You had 6 spell levels left.
You didn't know any spells.

Dungeon Overview and Level Annotations

Branches:
Dungeon (4/15)
 Temple: D:4-7

Altars:
Fedhas

Annotations:
D:4 Ragg's ghost, average GrFi


Innate Abilities, Weirdness & Mutations

Your are under a permanent stasis effect.
You can dig through walls and to a lower floor.
Your four strong arms can wield two-handed weapons with a shield.
You have a pair of large antennae on your head (SInv).


Message History

You strike the helpless Ragg's ghost from behind!
You hit Ragg's ghost but do no damage.
Ragg's ghost is severely damaged.
You flicker for a moment.
You flicker back into view.
Drink which item? (? for menu, Esc to quit)
You feel clever all of a sudden.
It was a potion of brilliance.
You hit Ragg's ghost but do no damage.
Ragg's ghost is severely damaged.
Ragg's ghost hits you.
* * * LOW HITPOINT WARNING * * *
You hit Ragg's ghost.
Ragg's ghost is almost destroyed.
Ragg's ghost hits you!
* * * LOW HITPOINT WARNING * * *
You hit Ragg's ghost but do no damage.
Ragg's ghost is almost destroyed.
Ragg's ghost hits you!
You die...

#.......#...#..........##.#
#..........)...............
#.......#...................
###.#..##...#######.#####.#
#.#..##...# ###.####
#.#..##...# #......#
#.#..##...# #.)....# #
......########......##.##
........@p...............
.........................
.....###.####......##.##
..... #.# #....>.# .# ##.
..# #......# # #
................#
....##........#..
....##........#..
..##...........


You could see Ragg's ghost.

Vanquished Creatures
  Sigmund (D:3)
  2 scorpions (D:4)
  3 orc wizards
  3 worker ants
  2 iguanas (D:4)
  Terence (D:2)
  4 gnolls
  An adder (D:2)
  A giant mite (D:4)
  A worm (D:3)
  3 giant geckos
  6 orcs (D:3)
  A ball python (D:1)
  4 giant cockroaches
  2 hobgoblins (D:3)
  6 kobolds
  An ooze (D:4)
  A quokka (D:2)
  7 bats
  6 giant newts
  7 goblins
  5 jackals
  10 rats
78 creatures vanquished.

Notes
Turn   | Place    | Note
--------------------------------------------------------------
     0 | D:1      | HungrySpirit, the Formicid Fighter, began the quest for the Orb.
     0 | D:1      | Reached XP level 1. HP: 18/18 MP: 1/1
   292 | D:1      | Reached XP level 2. HP: 14/24 MP: 3/3
   964 | D:2      | Reached XP level 3. HP: 29/29 MP: 4/4
  1095 | D:2      | Noticed Terence
  1166 | D:2      | Killed Terence
  1520 | D:2      | Reached skill level 4 in Long Blades
  1520 | D:2      | Reached XP level 4. HP: 35/35 MP: 5/5
  1538 | D:2      | Found a blossoming altar of Fedhas.
  1815 | D:3      | Noticed Sigmund
  2081 | D:3      | Reached skill level 5 in Long Blades
  2081 | D:3      | Reached XP level 5. HP: 7/41 MP: 7/7
  2440 | D:3      | Killed Sigmund
  2440 | D:3      | Reached skill level 6 in Long Blades
  2440 | D:3      | Reached XP level 6. HP: 28/47 MP: 8/8
  3399 | D:4      | Reached XP level 7. HP: 25/53 MP: 9/9
  3633 | D:4      | Reached skill level 7 in Long Blades
  3710 | D:4      | Noticed Ragg's ghost (average GrFi)
  3880 | D:4      | HP: 1/54 [Ragg's ghost (7)]
  3881 | D:4      | Mangled by Ragg's ghost

Action                   |  1- 3 |  4- 6 |  7- 9 || total
-------------------------+-------+-------+-------++-------
Melee: Long sword        |   104 |   173 |    73 ||   350
Evoke: Wand              |       |     1 |       ||     1
  Use: Potion            |       |     2 |     3 ||     5
       Scroll            |       |       |     4 ||     4
 Stab: Invisible         |       |       |     4 ||     4
